 Dungeon Crawl Stone Soup version 0.20.0-10-g0535bb4 (webtiles) character file.

9123 JeffiDaFish the Basher (level 11, -10/68 HPs)
             Began as a Gargoyle Fighter on June 3, 2017.
             Was a High Priest of Okawaru.
             Mangled by Sonja
             ... wielding a +2 dagger of distortion
              (12 damage)
             ... on level 2 of the Lair of Beasts.
             The game lasted 00:18:02 (7645 turns).

JeffiDaFish the Basher (Gargoyle Fighter)           Turns: 7645, Time: 00:18:03

Health: -10/68     AC: 31    Str: 20    XL:     11   Next: 41%
Magic:  11/11      EV:  6    Int:  9    God:    Okawaru [*****.]
Gold:   338        SH: 13    Dex: 12    Spells: 10/10 levels left

rFire    . . .     SeeInvis .   s - +4 morningstar
rCold    + . .     Gourm    .   c - +1 shield
rNeg     + . .     Faith    .   v - +0 plate armour
rPois    ∞         Spirit   .   r - +0 helmet
rElec    +         Reflect  .   (no cloak)
rCorr    .         Harm     .   j - +2 pair of gloves
MR       .....                  h - +2 pair of boots
Stlth    ..........             (no amulet)
Regen    0.3/turn               e - +3 ring of protection
MPRegen  0.2/turn               k - ring of protection from cold

@: about to teleport, very slightly contaminated
A: negative energy resistance 1, electricity resistance, unbreathing,
petrification resistance, rot immunity, AC +7
a: Heroism, Finesse, Renounce Religion


You were on level 2 of the Lair of Beasts.
You worshipped Okawaru.
Okawaru was extremely pleased with you.
You were not hungry.

You visited 3 branches of the dungeon, and saw 11 of its levels.
You visited the Abyss 1 time.

You collected 338 gold pieces.

Inventory:

Hand Weapons
 s - a +4 morningstar (weapon)
Armour
 c - a +1 shield (worn)
 h - a +2 pair of boots (worn)
 j - a +2 pair of gloves (worn)
 r - a +0 helmet (worn)
 v - a +0 plate armour (worn)
Jewellery
 e - a +3 ring of protection (left hand)
 k - a ring of protection from cold (right hand)
Scrolls
 a - 2 scrolls of teleportation
 g - 3 scrolls of identify
 m - a scroll of remove curse
 o - 4 scrolls of amnesia
 q - a scroll of blinking
 t - 2 scrolls of fear
 u - a scroll of torment {unknown}
Potions
 d - a potion of brilliance
 i - 2 potions of heal wounds
 p - 5 potions of curing
Comestibles
 b - 9 royal jellies
 f - 5 bread rations
 l - 4 meat rations
 n - 12 fruits
 w - 6 chunks of flesh


   Skills:
 + Level 7.7 Fighting
 + Level 11.8 Maces & Flails
 + Level 7.0 Armour
 + Level 3.3 Dodging
 + Level 1.3 Stealth
 + Level 10.0 Shields


You had 10 spell levels left.
You didn't know any spells.

Dungeon Overview and Level Annotations

Branches:
Dungeon (9/15)             Temple (1/1) D:5            Lair (2/6) D:8
  Swamp: Lair:2-4    Shoals: Lair:2-4     Snake: Lair:2-4    Spider: Lair:2-4
    Orc: D:9-12

Altars:
Ashenzari
Dithmenos
Elyvilon
Fedhas
Gozag
Hepliaklqana
Makhleb
Okawaru
Qazlal
Ru
Xom
Yredelemnul
Zin
The Shining One

Shops:
D:7 *

Annotations:
Lair:1 exclusion: oklob plant
Lair:2 Sonja


Innate Abilities, Weirdness & Mutations

You are resistant to torment.
Your stone body is resilient. (AC +7)
You are immune to poison.
You resist negative energy. (rN+)
You are resistant to electric shocks. (rElec)
You can survive without breathing.
You are immune to petrification.
You are immune to rotting.


Message History

Sonja is heavily wounded.
Sonja hits you but does no damage. Space warps horribly around you!
You block Sonja's attack. Sonja hits you but does no damage.
You blink.
Sonja hits you but does no damage. Space bends around you.
You block Sonja's attack. Sonja hits you but does no damage.
You feel strangely unstable.
You are too injured to fight recklessly!
You are too injured to fight recklessly!
You are too injured to fight recklessly!
You are too injured to fight recklessly!
You miss Sonja.
Sonja is heavily wounded.
You block Sonja's attack. Sonja hits you but does no damage.
Space warps horribly around you!
* * * LOW HITPOINT WARNING * * *
Sonja hits you but does no damage. Space warps horribly around you!
* * * LOW HITPOINT WARNING * * *
You block Sonja's attack. Sonja hits you but does no damage. x2
Space warps horribly around you!
You die...

..............+..........
...............#..........
...........######.####+..
.....(.....# ####...##
.#..#.#P.### ##..##
#.........###### ###.###
#?##PP.#....###.#.###.#.#.#
#...........###...........
#.......K@..##P...........
#...........#.............
##..........P.............
#.....((>.((.............
#..........+.............
.............##...........
##P######..+.####.#.##..#..
## #...## ###...P### ##.##
.##


You could see Sonja.

Vanquished Creatures
  A death yak (D:8)
  An ugly thing (D:8)
  Joseph (Lair:1)
  2 black mambas
  A spiny frog (Lair:1)
  A rime drake (Lair:2)
  2 komodo dragons (Lair:1)
  2 polar bears (D:8)
  2 hornets (D:8)
  A hippogriff (D:8)
  Sigmund (D:3)
  5 yaks
  A steam dragon (D:7)
  A basilisk (Lair:1)
  A soldier ant (D:8)
  Duvessa (D:4)
  4 porcupines (Lair:1)
  2 water moccasins
  3 ice beasts (D:8)
  A sky beast (D:8)
  2 orc warriors
  A phantom (D:5)
  2 centaurs
  An ogre (D:7)
  2 wolves (D:8)
  7 crocodiles
  3 bullfrogs
  Dowan (D:4)
  A water moccasin zombie (D:5)
  A wyvern skeleton (D:7)
  A scorpion (D:8)
  4 killer bees (D:8)
  An electric eel (D:8)
  A crimson imp (D:7)
  A quasit (D:7)
  2 jellies (D:8)
  A bullfrog skeleton (D:7)
  A gnoll shaman (D:8)
  7 hounds
  2 orc priests
  2 orc wizards (D:7)
  An iguana (D:8)
  Terence (D:3)
  5 worker ants
  6 gnolls
  10 adders
  3 white imps (D:8)
  3 ufetubi (D:8)
  An adder zombie (D:8)
  An ooze (D:2)
  2 worms
  2 adder skeletons
  4 dart slugs
  An adder simulacrum (D:8)
  2 leopard geckos
  13 orcs
  7 bats
  3 giant cockroaches (D:2)
  8 goblins
  3 hobgoblins
  6 jackals
  A quokka (D:8)
  A ball python (D:7)
  3 frilled lizards
  5 kobolds
  9 rats
179 creatures vanquished.

Vanquished Creatures (others)
  A white imp (D:8)
1 creature vanquished.

Grand Total: 180 creatures vanquished

Notes
Turn   | Place    | Note
-------+----------+-------------------------------------------
     0 | D:1      | JeffiDaFish the Gargoyle Fighter began the quest for the Orb.
     0 | D:1      | Reached XP level 1. HP: 14/14 MP: 1/1
    77 | D:1      | Reached XP level 2. HP: 19/19 MP: 2/2
   453 | D:1      | Reached XP level 3. HP: 24/24 MP: 3/3
   706 | D:2      | Found a blossoming altar of Fedhas.
  1244 | D:2      | Reached XP level 4. HP: 21/29 MP: 4/4
  1257 | D:2      | Reached skill level 3 in Maces & Flails
  1629 | D:3      | Found a glowing silver altar of Zin.
  1790 | D:3      | Noticed Terence
  1807 | D:3      | Killed Terence
  1807 | D:3      | Reached XP level 5. HP: 29/33 MP: 5/5
  1919 | D:3      | You fall through a shaft!
  1955 | D:4      | Reached skill level 1 in Dodging
  1967 | D:4      | Reached skill level 4 in Maces & Flails
  2014 | D:4      | Reached XP level 6. HP: 38/38 MP: 2/6
  2192 | D:4      | Noticed Dowan
  2204 | D:4      | Noticed Duvessa
  2237 | D:4      | Killed Duvessa
  2237 | D:4      | Reached XP level 7. HP: 25/43 MP: 2/7
  2257 | D:4      | Killed Dowan
  2257 | D:4      | Reached skill level 5 in Shields
  2736 | D:3      | Noticed Sigmund
  2756 | D:3      | Killed Sigmund
  2756 | D:3      | Reached skill level 5 in Maces & Flails
  3067 | D:4      | Found a white marble altar of Elyvilon.
  3079 | D:5      | Entered Level 5 of the Dungeon
  3179 | D:5      | Reached XP level 8. HP: 43/48 MP: 6/8
  3262 | D:5      | Found a staircase to the Ecumenical Temple.
  3268 | Temple   | Entered the Ecumenical Temple
  3418 | Temple   | Became a worshipper of Warmaster Okawaru
  3503 | D:5      | You fall through a shaft for 3 floors!
  3503 | D:8      | Noticed a polar bear
  3527 | D:8      | Killed a polar bear
  3527 | D:8      | Reached skill level 6 in Maces & Flails
  3527 | D:8      | Reached skill level 1 in Stealth
  3535 | D:8      | Reached * piety under Okawaru
  3672 | D:7      | Reached ** piety under Okawaru
  3672 | D:7      | Reached skill level 5 in Fighting
  3672 | D:7      | Reached skill level 7 in Maces & Flails
  3964 | D:7      | Found Pevoezxa's Assorted Antiques.
  4064 | D:7      | Reached XP level 9. HP: 44/54 MP: 9/9
  4071 | D:7      | Reached skill level 5 in Armour
  4330 | D:7      | Found a blossoming altar of Fedhas.
  4840 | D:8      | Found a glowing golden altar of the Shining One.
  4846 | D:8      | Found a staircase to the Lair.
  4867 | D:8      | Noticed a death yak
  4896 | D:8      | Killed a death yak
  4896 | D:8      | Reached skill level 8 in Maces & Flails
  5172 | D:8      | Reached *** piety under Okawaru
  5172 | D:8      | Reached skill level 9 in Maces & Flails
  5220 | D:8      | Reached XP level 10. HP: 53/60 MP: 10/10
  5643 | D:8      | Reached skill level 10 in Maces & Flails
  5959 | D:8      | Noticed a cyan ugly thing
  5976 | D:8      | Killed a cyan ugly thing
  5976 | D:8      | Reached **** piety under Okawaru
  6100 | Lair:1   | Entered Level 1 of the Lair of Beasts
  6595 | Lair:1   | Reached skill level 11 in Maces & Flails
  6737 | Lair:1   | Reached XP level 11. HP: 50/67 MP: 11/11
  6830 | Lair:1   | Noticed Joseph
  6850 | Lair:1   | Killed Joseph
  6862 | Lair:1   | Noticed an oklob plant
  6914 | Lair:1   | Reached ***** piety under Okawaru
  7352 | Lair:2   | Reached skill level 10 in Shields
  7609 | Lair:2   | Noticed Sonja
  7625 | Lair:2   | Cast into level 2 of the Abyss (Sonja)
  7632 | Abyss:2  | Found a corrupted altar of Lugonu.
  7637 | Lair:2   | Escaped the Abyss
  7645 | Lair:2   | HP: 2/68 [Sonja/uncursed dagger of distortion (13)]
  7645 | Lair:2   | Mangled by Sonja

Skill      XL: |  1  2  3  4  5  6  7  8  9 10 11 |
---------------+----------------------------------+-----
Maces & Flails | 3 4 5 7 9 11 | 11.8
Armour         | 4 5 6 7 |  7.0
Dodging        | 1 2 3 |  3.3
Shields        | 4 6 7 8 9 10 | 10.0
Fighting       | 4 5 6 7 |  7.7
Stealth        | 1 |  1.3

Action                   |  1- 3 |  4- 6 |  7- 9 | 10-12 || total
-------------------------+-------+-------+-------+-------++-------
Melee: Flail             |   118 |   187 |    84 |       ||   389
       Morningstar       |       |       |   235 |   258 ||   493
  Use: Potion            |     4 |     2 |     3 |     2 ||    11
       Scroll            |     5 |     5 |     4 |     2 ||    16
 Stab: Distracted        |       |       |       |     1 ||     1
       Invisible         |       |       |       |     1 ||     1
  Eat: Chunk             |     1 |     4 |    10 |     6 ||    21
       Royal jelly       |       |       |       |     1 ||     1
Armor: Scale mail        |    55 |   118 |    79 |       ||   252
       Skin              |       |     5 |       |       ||     5
       Chain mail        |       |       |    55 |       ||    55
       Plate armour      |       |       |    61 |   158 ||   219
Dodge: Dodged            |    37 |    52 |    75 |    52 ||   216
Block: Shield            |    66 |   115 |   215 |   178 ||   574
